 Dungeon Crawl Stone Soup version 0.18.1-1-g2f07953 (webtiles) character file.

54 EveningNews the Skirmisher (level 3, -1/24 HPs)
             Began as a Gargoyle Berserker on May 6, 2016.
             Was a Follower of Trog.
             Killed from afar by Sigmund (2 damage)
             ... with a magic dart
             ... on level 2 of the Dungeon.
             The game lasted 00:02:50 (1627 turns).

EveningNews the Skirmisher (Gargoyle Berserker)     Turns: 1627, Time: 00:02:54

Health: -1/24      AC:  6    Str: 20    XL:     3   Next: 91%
Magic:  3/3        EV: 12    Int:  7    God:    Trog [*.....]
Gold:   25         SH:  0    Dex: 10    Spells: 0 memorised, 2 levels left

rFire  . . .     SeeInvis .     a - +0 mace
rCold  . . .     Gourm    .     b - +0 animal skin
rNeg   + . .     Faith    .     (no shield)
rPois  ∞         Spirit   .     (no helmet)
rElec  +         Dismiss  .     (no cloak)
rCorr  .         Reflect  .     (no gloves)
SustAt .         Harm     .     f - +0 pair of boots
MR     .....                    (no amulet)
Stlth  +.........               (no ring)
                                (no ring)

@: exhausted, slowed, very slow, not resistant to hostile enchantments, very
unstealthy
A: negative energy resistance 1, electricity resistance, unbreathing,
petrification resistance, rot immunity, AC +3
a: Berserk, Burn Spellbooks, Renounce Religion


You were on level 2 of the Dungeon.
You worshipped Trog.
Trog was aware of your devotion.
You were not hungry.

You visited 1 branch of the dungeon, and saw 2 of its levels.

You collected 25 gold pieces.

Inventory:

Hand Weapons
 a - a +0 mace (weapon)
Missiles
 j - 6 tomahawks (quivered)
Armour
 b - a +0 animal skin (worn)
 f - a +0 pair of boots (worn)
 i - a +0 plate armour
Scrolls
 d - a scroll of enchant armour {unknown}
 e - 2 scrolls of identify {unknown}
 g - a scroll of teleportation {unknown}
Potions
 h - a potion of agility {unknown}
Comestibles
 c - a bread ration


   Skills:
 + Level 4.5 Fighting
 + Level 3.6 Maces & Flails
 - Level 2.1 Armour
 - Level 1.5 Dodging


You had 2 spell levels left.
You didn't know any spells.

Dungeon Overview and Level Annotations

Branches:
Dungeon (2/15)

Altars:
Vehumet

Annotations:
D:2 Sigmund


Innate Abilities, Weirdness & Mutations

You are resistant to torment.
Your stone body is resilient (AC +3).
You are immune to poison.
You resist negative energy.
You are resistant to electric shocks.
You can survive without breathing.
You are immune to petrification.
You are immune to rotting.


Message History

You feel a strong urge to attack something.
You hear some strange, mumbled words.
A puff of flame appears from out of thin air!
The puff of flame hits you!
* * * LOW HITPOINT WARNING * * *
You completely miss something. Something hits you.
* * * LOW HITPOINT WARNING * * *
You miss something.
You feel less confused.
You barely miss something. Something hits you.
* * * LOW HITPOINT WARNING * * *
You miss something. You closely miss something.
You are no longer berserk.
You are exhausted.
You feel yourself slow down.
You hear some strange, mumbled words.
A magic dart appears from out of thin air!
The magic dart hits you!
You die...

#..(.... ..# #.......
#.# #...... #.#
#.....#####.# .....
.....######.. #..#
#........@. #..#
#......[s.. #
##†######.######...
#.##@{.......#####...
#....................
####.######..........
#.# #.#####.#.. #.#
#.# # #.# #.# #.#
###.# #.# #..># #.#
#.###


There were no monsters in sight!

Vanquished Creatures
  Natasha (D:2)
  A dart slug (D:1)
  A giant gecko (D:1)
  A giant cockroach (D:2)
  4 goblins (D:1)
  6 hobgoblins
  4 jackals (D:1)
  2 kobolds (D:1)
  2 bats
  A rat (D:1)
23 creatures vanquished.

Vanquished Creatures (others)
  A rat (D:2)
1 creature vanquished.

Grand Total: 24 creatures vanquished

Notes
Turn   | Place    | Note
--------------------------------------------------------------
     0 | D:1      | EveningNews the Gargoyle Berserker began the quest for the Orb.
     0 | D:1      | Reached XP level 1. HP: 14/14 MP: 1/1
    88 | D:1      | Reached XP level 2. HP: 3/19 MP: 2/2
   637 | D:1      | Reached skill level 4 in Fighting
   895 | D:1      | Reached XP level 3. HP: 24/24 MP: 3/3
  1291 | D:2      | Noticed Natasha
  1302 | D:2      | Killed Natasha
  1562 | D:2      | Found a radiant altar of Vehumet.
  1597 | D:2      | Noticed Sigmund
  1625 | D:2      | HP: 1/36 [something (4)]
  1627 | D:2      | Killed from afar by Sigmund

Skill      XL: |  1  2 |
---------------+-------+-----
Fighting       | 4 |  4.5
Maces & Flails | |  3.6
Armour         | |  2.1
Dodging        | |  1.5

Action                   || total
-------------------------++-------
Melee: Mace              ||   108
Invok: Berserk           ||     1
  Eat: Bread ration      ||     1
Armor: Animal skin       ||    46
Dodge: Dodged            ||    60
